 Dungeon Crawl Stone Soup version 0.29.1-12-g30fa7ad0bf (webtiles) character file.

Game seed: 11719639959841752142

165 112233 the Magician (level 5, -7/33 HPs)
             Began as an Octopode Conjurer on Dec 25, 2022.
             Mangled by an orc warrior
             ... wielding a +0 war axe
              (10 damage)
             ... on level 4 of the Dungeon.
             The game lasted 00:03:28 (2980 turns).

112233 the Magician (Octopode Conjurer)             Turns: 2980, Time: 00:03:28

Health: -7/33      AC:  1    Str:  6    XL:     5   Next: 46%
Magic:  5/11       EV: 13    Int: 28    God:
Gold:   169        SH:  0    Dex: 11    Spells: 4/12 levels left

rFire   . . .      SeeInvis .   e - +0 morningstar (protect)
rCold   . . .      Faith    .   (no shield)
rNeg    . . .      Spirit   .   (helmet restricted)
rPois   .          Reflect  .   (no amulet)
rElec   .          Harm     .   d - ring of resist corrosion
rCorr   +          Rampage  .   p - +6 ring of intelligence
Will    .....                   (no ring)
Stlth   +++.......              (no ring)
HPRegen 0.11/turn               (no ring)
MPRegen 0.12/turn               (no ring)
                                (no ring)
                                (no ring)

@: about to teleport
A: almost no armour, amphibious, 8 rings, camouflage 1, gelatinous body 1,
(nimble swimmer 1), tentacles
a: no special abilities


You were on level 4 of the Dungeon.
You visited 1 branch of the dungeon, and saw 4 of its levels.

You collected 169 gold pieces.

Inventory:

Hand Weapons
 e - a +0 morningstar of protection (weapon)
 f - a +0 sling
 s - a +2 dagger of venom
Missiles
 q - 11 poisoned darts
 v - a throwing net
Jewellery
 d - a ring of resist corrosion (left tentacle)
 p - a +6 ring of intelligence (right tentacle)
Scrolls
 i - 5 scrolls of identify {unknown}
 m - a scroll of noise
 n - 3 scrolls of teleportation
 u - a scroll of immolation {unknown}
Potions
 a - 3 potions of magic
 c - a potion of resistance {unknown}
 g - a potion of attraction {unknown}
 h - 3 potions of curing {unknown}
 j - a potion of cancellation {unknown}
 k - a potion of mutation {unknown}
 l - 2 potions of degeneration {unknown}
 o - 2 potions of haste {unknown}
 t - a potion of brilliance {unknown}


   Skills:
 + Level 1.1 Fighting
 + Level 2.5 Dodging
 - Level 2.8 Stealth
 * Level 4.3 Spellcasting
 + Level 4.2 Conjurations


You had 4 spell levels left.
You knew the following spells:

 Your Spells              Type           Power      Damage    Failure   Level
a - Magic Dart            Conj           100%       1d8       1%          1
b - Searing Ray           Conj           60%        2d6       1%          2
c - Stone Arrow           Conj/Erth      36%        3d9       9%          3
d - Passwall              Tmut/Erth      5%         N/A       11%         2

Your spell library contained the following spells:

 Spells                   Type           Power      Damage    Failure   Level
 Sandblast                Erth           12%        2d6       7%          1
 Dazzling Flash           Conj/Hex       36%        N/A       9%          3
 Fulminant Prism          Conj/Hex       9%         3d7       30%         4
 Iskenderun's Mystic Bla  Conj/Tloc      18%        2d6       30%         4


Dungeon Overview and Level Annotations

Branches:
Dungeon (4/15)
 Temple: D:4-7

Altars:
Ashenzari
Dithmenos

Shops:
D:2 =


Innate Abilities, Weirdness & Mutations

You cannot wear most types of armour.
You are amphibious.
You can wear up to eight rings at the same time.
Your skin changes colour to match your surroundings (Stealth+).
Your rubbery body absorbs attacks. (AC +1, EV +1)
((You are camouflaged when in or above water. (Stealth+)))
You have tentacles for arms and can constrict up to eight enemies at once.


Message History

Aiming: Stone Arrow (quite dangerous; 9% risk of failure)
Press: ? - help, Shift-Dir - straight line, f - orc warrior
Aim: an orc warrior, wielding a +0 war axe and wearing a +0 plate armour (68% to hit)
The stone arrow hits the orc warrior.
The orc warrior is lightly wounded.
Casting: Stone Arrow (quite dangerous; 9% risk of failure)
Confirm with . or Enter, or press ? or * to list all spells.
The spell is quite dangerous to miscast (9% risk of failure)!
Continue anyway? [Y]es or [N]o only, please.
The spell is quite dangerous to miscast (9% risk of failure)!
Continue anyway?
Aiming: Stone Arrow (quite dangerous; 9% risk of failure)
Press: ? - help, Shift-Dir - straight line, f/p - orc warrior
Aim: an orc warrior, wielding a +0 war axe and wearing a +0 plate armour (lightly wounded, 68% to hit)
The stone arrow hits the orc warrior.
The orc warrior is moderately wounded.
An orc comes into view. It is wielding a +0 short sword.
The orc warrior attacks as you move away!
The orc warrior hits you with a +0 war axe!
As you read the scroll labelled GAK QOUTUOHIGU, it crumbles to dust.
It is a scroll of brand weapon.
Your +0 morningstar projects an invisible shield of force!
e - a +0 morningstar of protection (weapon)
The orc warrior closely misses you.
Unknown command.
As you read the scroll labelled UMASETIONO, it crumbles to dust.
You hear a loud clanging noise!
It was a scroll of noise.
The orc warrior barely misses you.
Unknown command.
As you read the scroll labelled ODUKKE BOAHI, it crumbles to dust.
It is a scroll of enchant armour.
You aren't carrying any armour which can be enchanted further.
The orc warrior hits you with a +0 war axe.
As you read the scroll labelled EJAXEJ HOCE, it crumbles to dust.
You feel strangely unstable.
It was a scroll of teleportation.
The orc warrior hits you with a +0 war axe!
* * * LOW HITPOINT WARNING * * *
Unknown command.
The orc warrior attacks as you move away!
The orc warrior hits you with a +0 war axe!
You die...

#)≈.≈_≈.≈.§.≈.≈...
#.§.≈.≈.≈.≈.≈.§..##.#
#.≈.≈.§§≈§§_≈.≈..##.#
#.≈.§§≈≈≈.≈≈§.≈..##.#
#.≈§§§.§≈.....≈..##.#
..≈≈≈≈≈.≈≈≈§≈§§§# #.#
#.............§§# #.#
#.<..........o.o###.#
..##.>...##...##@##.#
####.....###.###....#
####.....#######.####
.....#.##.## ##.##
######.###.###.## #.#
##...## #.# ##### #.#
#.#


You could see an orc warrior and an orc.

Vanquished Creatures
  A hound (D:4)
  An orc priest (D:4)
  3 adders
  2 worms (D:3)
  A dart slug (D:3)
  2 orcs (D:4)
  5 bats
  3 endoplasms
  4 giant cockroaches
  4 goblins
  8 hobgoblins
  4 jackals (D:3)
  8 kobolds
  3 quokkas (D:2)
  4 ball pythons
  5 frilled lizards
  9 rats
67 creatures vanquished.

Notes
Turn   | Place    | Note
-------+----------+-------------------------------------------
     0 | D:1      | 112233 the Octopode Conjurer began the quest for the Orb.
     0 | D:1      | Reached XP level 1. HP: 11/11 MP: 3/3
    82 | D:1      | You fall into a shaft and drop 1 floor!
   159 | D:1      | Reached XP level 2. HP: 17/17 MP: 1/5
   162 | D:1      | Learned a level 2 spell: Searing Ray
   840 | D:2      | Reached XP level 3. HP: 21/21 MP: 4/7
   996 | D:2      | Found Zyogof's Jewellery Shoppe.
  1433 | D:2      | Reached XP level 4. HP: 27/27 MP: 4/9
  1525 | D:3      | Learned a level 3 spell: Stone Arrow
  1528 | D:3      | Learned a level 2 spell: Passwall
  2604 | D:4      | Found a shadowy altar of Dithmenos.
  2668 | D:4      | Found a broken altar of Ashenzari.
  2727 | D:4      | Reached XP level 5. HP: 26/32 MP: 3/11
  2799 | D:4      | Noticed an orc warrior
  2901 | D:4      | Reached skill level 1 in Fighting
  2980 | D:4      | Mangled by an orc warrior

Illustrated notes

Levels and vault maps discovered:
D:1:      co_arrival_square_in_a_square_in_a_square, layout_rooms
D:2:      layout_basic, serial_shops, nicolae_diamond_shop,
          nicolae_kite_square_tiling_tiny
D:3:      layout_loops_cross, cheibrodos_sewer_entry_bend,
          kennysheep_pointless_box, dk_noncrumbling_4
D:4:      layout_loops_corners, mainiacjoe_overflow_catwalk_spiral,
          amcnicky_altar_gilded, hangedman_decor_diamond_cutter

Skill      XL: |  1  2  3  4  5 |
---------------+----------------+-----
Spellcasting   | 3 4 |  4.3
Fighting       | 1 |  1.1
Dodging        | |  2.5
Stealth        | |  2.8
Conjurations   | |  4.2

Action                   |  1- 3 |  4- 6 || total
-------------------------+-------+-------++-------
Melee: Morningstar       |     1 |     1 ||     2
 Fire: Sling             |     3 |       ||     3
 Cast: Magic Dart        |    70 |    54 ||   124
       Searing Ray       |       |     6 ||     6
       Stone Arrow       |       |     3 ||     3
  Use: Scroll            |       |     4 ||     4
Dodge: Dodged            |     2 |     4 ||     6
